 Dungeon Crawl Stone Soup version 0.20.1-1-g8b1a95d (webtiles) character file.

57 Saithnar the Ducker (level 3, -3/27 HPs)
             Began as a Demonspawn Gladiator on Aug 17, 2017.
             Was an Initiate of Okawaru.
             Slain by a worm (9 damage)
             ... on level 2 of the Dungeon.
             The game lasted 00:05:44 (1460 turns).

Saithnar the Ducker (Demonspawn Gladiator)          Turns: 1460, Time: 00:05:45

Health: -3/27      AC:  6    Str: 15    XL:     3   Next: 73%
Magic:  3/3        EV: 13    Int:  9    God:    Okawaru [......]
Gold:   27         SH:  0    Dex: 14    Spells: 2/2 levels left

rFire    . . .     SeeInvis .   e - +3 dagger (freeze)
rCold    . . .     Gourm    .   (no shield)
rNeg     . . .     Faith    .   b - +0 leather armour
rPois    .         Spirit   .   c - +0 helmet
rElec    .         Reflect  .   (no cloak)
rCorr    .         Harm     .   (no gloves)
MR       .....                  (no boots)
Stlth    +.........             (no amulet)
Regen    0.1/turn               (no ring)
MPRegen  0.1/turn               (no ring)

@: no status effects
A: iridescent scales 1
a: Renounce Religion


You were on level 2 of the Dungeon.
You worshipped Okawaru.
Okawaru was noncommittal.
You were not hungry.

You visited 1 branch of the dungeon, and saw 2 of its levels.

You collected 27 gold pieces.

Inventory:

Hand Weapons
 a - a +0 rapier
 e - a +3 dagger of freezing (weapon)
 g - a +0 dagger
 h - a +0 club
 k - a +0 dagger
 m - a +0 dagger
Missiles
 d - 3 throwing nets (quivered)
Armour
 b - a +0 leather armour (worn)
 c - a +0 helmet (worn)
Scrolls
 o - a scroll of random uselessness {unknown}
 p - a scroll of immolation {unknown}
Comestibles
 f - 2 bread rations
 l - a royal jelly
 n - a meat ration


   Skills:
 + Level 2.2 Fighting
 + Level 3.2 Short Blades
 + Level 2.1 Throwing
 + Level 1.0 Armour
 + Level 3.2 Dodging
 + Level 0.2 Stealth


You had 2 spell levels left.
You didn't know any spells.

Dungeon Overview and Level Annotations

Branches:
Dungeon (2/15)

Altars:
Okawaru


Innate Abilities, Weirdness & Mutations

You are partially covered in iridescent scales. (AC +2)


Message History

As you read the scroll labeled WUCSILL VUISK, it crumbles to dust.
It is a scroll of enchant weapon.
Your +2 dagger of freezing glows red for a moment.
As you read the scroll labeled PEOS VAOMO, it crumbles to dust.
It is a scroll of recharging.
You aren't carrying any rechargeable items.
You start resting.
All of the chunks of flesh in your inventory have rotted away.
You hit the worm. You freeze the worm.
The worm is lightly wounded.
You barely miss the worm.
The worm is lightly wounded.
You completely miss the worm.
The worm is lightly wounded.
The worm bites you.
* * * LOW HITPOINT WARNING * * *
You hit the worm. You freeze the worm.
The worm is heavily wounded.
The worm bites you!
You die...

... #.. ############.#
.......@w..#.#
##############.##.###..
......................
#####..#.##......#########
##....#.#.รท..#.......#
####
#.......#.##.#.##....#
#...
#####.#########....'.)..#
#...
#...w...>.#######.##....#
##...##.###.#.......#
#.#######


You could see a worm.

Vanquished Creatures
  2 adders (D:2)
  A worm (D:2)
  2 leopard geckos (D:1)
  A ball python (D:2)
  4 bats (D:1)
  3 giant cockroaches
  4 goblins
  4 hobgoblins
  2 jackals (D:1)
  5 frilled lizards
  2 kobolds (D:1)
  3 rats
33 creatures vanquished.

Notes
Turn   | Place    | Note
-------+----------+-------------------------------------------
     0 | D:1      | Saithnar the Demonspawn Gladiator began the quest for the Orb.
     0 | D:1      | Reached XP level 1. HP: 16/16 MP: 1/1
   175 | D:1      | Gained mutation: You are partially covered in iridescent scales. (AC +2) [demonic ancestry]
   175 | D:1      | Reached XP level 2. HP: 7/22 MP: 2/2
  1118 | D:2      | Reached XP level 3. HP: 26/27 MP: 3/3
  1121 | D:2      | Found an iron altar of Okawaru.
  1127 | D:2      | Became a worshipper of Warmaster Okawaru
  1267 | D:2      | Reached skill level 1 in Armour
  1460 | D:2      | Slain by a worm

Skill      XL: |  1  2  3 |
---------------+----------+-----
Throwing       | 2 |  2.1
Short Blades   | 3 |  3.2
Dodging        | 3 |  3.2
Armour         | 1 |  1.0
Fighting       | |  2.2
Stealth        | |  0.2

Action                   || total
-------------------------++-------
Melee: Rapier            ||    54
       Dagger            ||    47
  Use: Scroll            ||     2
 Stab: Sleeping          ||     1
  Eat: Chunk             ||     2
Armor: Leather armour    ||    35
Dodge: Dodged            ||    58
